 Dungeon Crawl Stone Soup version 0.21.1-1-g345015f (webtiles) character file.

114559 wojtek the Warrior (level 16, -9/149 HPs)
             Began as a Minotaur Fighter on June 2, 2018.
             Was a Priest of Makhleb.
             Killed from afar by Nikola (40 damage)
             ... with a chain lightning
             ... on level 1 of the Swamp.
             The game lasted 01:01:44 (29804 turns).

wojtek the Warrior (Minotaur Fighter)              Turns: 29804, Time: 01:01:44

Health: -9/149     AC: 18    Str: 30    XL:     16   Next: 16%
Magic:  24/24      EV: 16    Int:  5    God:    Makhleb [***...]
Gold:   1647       SH: 14    Dex: 12    Spells: 15/15 levels left

rFire    + . .     SeeInvis +   A - +2 broad axe (flame)
rCold    + + +     Gourm    .   c - +0 shield
rNeg     . . .     Faith    .   e - +0 fire dragon scales
rPois    .         Spirit   .   y - +2 hat {MR+}
rElec    .         Reflect  .   l - -2 cloak "Sufeob" {rF- rC+++ Str+4 Stlth-} (curse)
rCorr    .         Harm     .   r - +0 pair of gloves
MR       ++...                  T - +1 pair of boots {Fly}
Stlth    ..........             (no amulet)
HPRegen  0.34/turn              S - ring of protection from cold
MPRegen  0.19/turn              s - ring of see invisible

@: flying
A: retaliatory headbutt, horns 2
a: Minor Destruction, Lesser Servant of Makhleb, Renounce Religion, Stop Flying


You were on level 1 of the Swamp.
You worshipped Makhleb.
Makhleb was most pleased with you.
You were very hungry.

You visited 4 branches of the dungeon, and saw 23 of its levels.
You also visited: Labyrinth, Sewer and Bailey.

You collected 1647 gold pieces.

Inventory:

Hand Weapons
 a - the +7 mace "Ympesch" {flame, rN+}
   (You found it in a sewer)

   It has been specially enchanted to burn those struck by it, causing extra
   injury to most foes and up to half again as much damage against particularly
   susceptible opponents.
   It protects you from negative energy.
 A - a +2 broad axe of flaming (weapon)
Missiles
 W - 2 throwing nets (quivered)
Armour
 c - a +0 shield (worn)
 e - +0 fire dragon scales (worn)
 l - the cursed -2 cloak "Sufeob" (worn) {rF- rC+++ Str+4 Stlth-}
   (You found it in a bailey)

   It affects your strength (+4).
   It makes you vulnerable to fire.
   It renders you almost immune to cold.
   It makes you less stealthy.
   It has a curse placed upon it.
 r - a +0 pair of gloves (worn)
 v - a scarf of cloud immunity
 y - a +2 hat of magic resistance (worn)
 C - a +0 plate armour
 T - a +1 pair of boots of flying (worn)
Jewellery
 s - a ring of see invisible (right hand)
 J - an uncursed ring of ice
 S - a ring of protection from cold (left hand)
Wands
 b - a wand of disintegration (7)
 w - a wand of acid (22)
 H - a wand of iceblast (12)
 I - a wand of digging (11)
 R - a wand of flame (125)
 U - a wand of paralysis (29)
 Z - a wand of scattershot (10)
Scrolls
 g - 15 scrolls of teleportation
 m - 3 scrolls of immolation
 n - 3 scrolls of fear
 p - 10 scrolls of remove curse
 u - 3 scrolls of noise
 B - 3 scrolls of identify
 D - a scroll of blinking
 G - a scroll of enchant weapon
 K - a scroll of fog
 M - a scroll of vulnerability
 N - a scroll of holy word
 O - 3 scrolls of magic mapping
 X - a scroll of silence
Potions
 d - 5 potions of might
 h - 4 potions of cancellation
 i - a potion of mutation
 j - a potion of ambrosia
 k - 8 potions of curing
 o - 5 potions of agility
 q - 5 potions of haste
 t - 3 potions of resistance
 x - a potion of brilliance
 E - 3 potions of heal wounds
 F - a potion of invisibility
 Y - 5 potions of lignification
Miscellaneous
 z - a phantom mirror
Comestibles
 f - 45 rations


   Skills:
 * Level 15.0 Fighting
 - Level 14.3 Axes
 - Level 12.7 Armour
 - Level 11.4 Dodging
 - Level 12.7 Shields
 - Level 12.4 Invocations


You had 15 spell levels left.
You didn't know any spells.

Dungeon Overview and Level Annotations

Branches:
Dungeon (15/15)            Temple (1/1) D:4            Lair (6/6) D:9
  Swamp (1/4) Lair:2        Snake (0/4) Lair:4        Slime (0/5) Lair:5
    Orc (0/2) D:10         Vaults (0/5) D:13         Depths (0/5) D:15

Altars:
Ashenzari
Cheibriados
Dithmenos
Elyvilon
Fedhas
Gozag
Hepliaklqana
Kikubaaqudgha
Makhleb
Nemelex Xobeh
Okawaru
Qazlal
Ru
Sif Muna
Trog
Uskayaw
Vehumet
Wu Jian
Xom
Yredelemnul
Zin
The Shining One
Beogh

Shops:
D:14 :   D:15 [

Portals:
Hell: Lair:6

Annotations:
Lair:1 exclusion: downstairs
Lair:3 oklobs todo, exclusion: 3 oklob plants
Swamp:1 Nikola


Innate Abilities, Weirdness & Mutations

You reflexively headbutt those who attack you in melee.
You have a pair of horns on your head.


Message History

You slice Nikola!! You burn Nikola!
Nikola is moderately wounded.
You are feeling very hungry.
You block Nikola's attack.
You closely miss Nikola. You headbutt Nikola, but do no damage.
Nikola is moderately wounded.
Your neqoxec closely misses Nikola.
Nikola hits you with a rapier of electrocution.
You hit Nikola. You burn Nikola. You headbutt Nikola.
Nikola is moderately wounded.
Your neqoxec hits Nikola but does no damage.
Nikola points at you and mumbles some strange words.
The bolt of lightning hits you!
* * * LOW HITPOINT WARNING * * *
The tree smoulders and burns.
Your neqoxec hits Nikola!
Nikola casts a spell.
You hear a mighty clap of thunder!
The lightning arc hits your neqoxec. The lightning arc hits you!
You die...

♣♣♣♣♣♣♣♣ ♣ ≈.....<♣♣ ♣♣♣ ♣♣..
.≈≈.≈≈≈.♣ ♣..♣♣ ...≈≈ ≈≈≈§≈≈≈.♣
♣≈.≈♣♣♣♣.≈≈.≈≈ ....♣♣♣♣♣
♣§≈..≈@.≈≈≈.♣ .♣♣♣♣
♣♣...@3.≈....♣ .♣♣ ♣≈).....♣♣♣♣♣♣
.≈♣♣♣ ♣♣♣.≈≈.≈....♣♣ ...≈♣♣♣♣
♣....≈≈§≈≈...♣♣♣♣♣♣♣♣
≈≈..≈..♣♣♣♣..≈..≈≈≈≈≈.♣≈..♣♣.♣♣
≈≈≈.≈..≈♣♣♣♣≈≈..≈≈≈≈≈..≈≈.♣4.≈♣
≈..♣≈...≈♣♣≈.≈.≈≈≈≈≈≈.♣≈♣.≈.≈♣♣
...♣♣.≈≈.≈...≈..≈≈...♣♣≈♣≈≈.≈♣♣♣♣
♣≈....≈≈≈≈.≈≈..≈≈≈.≈♣♣≈≈≈♣♣.≈≈♣..


You could see Nikola and a friendly neqoxec.

Vanquished Creatures
  Frances (Swamp:1)
  Roxanne (D:15)
  A dire elephant (D:15)
  A minotaur (Lab)
  Josephine (D:15)
  Fannar (Lair:3)
  5 hydras
  2 centaur warriors (D:13)
  2 catoblepae (D:14)
  11 two-headed ogres
  A dancing weapon (D:13)
  A tengu warrior (D:15)
  An ogre mage (D:15)
  4 death yaks
  The ghost of SockSock the Grappler, a novice TrBe of Trog (D:8)
  Nergalle (Lair:2)
  An orc high priest (Bailey)
  2 wizards
  A lindwurm (Lair:6)
  An orc knight (Bailey)
  4 ugly things
  A wolf spider zombie (D:14)
  A wolf spider (D:15)
  2 manticores (D:15)
  11 elephants
  3 black mambas
  Maurice (D:13)
  15 spiny frogs
  2 gargoyles
  A torpor snail (Lair:5)
  3 rime drakes (Lair:6)
  2 kobold demonologists
  4 ice devils (Lair:6)
  A tengu conjurer (D:15)
  5 komodo dragons
  A freezing wraith (D:15)
  A hellwing (Lair:5)
  A polar bear (Lair:6)
  2 trolls
  5 meliai
  A hornet (D:11)
  Prince Ribbit (D:5)
  8 slime creatures
  8 blink frogs
  5 hippogriffs
  A bog body (Swamp:1)
  Sigmund (D:5)
  4 wraiths
  2 shadows (D:15)
  36 yaks
  A vampire (D:11)
  6 wyverns
  Eustachio (D:6)
  3 basilisks
  10 vampire mosquitoes
  Menkaure (D:6)
  A steam dragon (D:14)
  A soldier ant (D:14)
  7 water moccasins
  Edmund (D:5)
  3 hell hounds (Lair:6)
  An acid dragon (D:15)
  8 porcupines
  3 ice beasts
  4 sky beasts
  A black bear (D:10)
  17 orc warriors
  A necrophage (D:11)
  A phantom (D:7)
  11 centaurs
  13 ogres
  11 wolves
  17 crocodiles
  A big kobold (D:10)
  Blork the orc (D:3)
  21 bullfrogs
  A wyvern zombie (D:14)
  6 scorpions
  4 killer bees (D:11)
  3 howler monkeys
  5 electric eels
  4 crimson imps
  2 centaur zombies
  3 quasits
  A bullfrog zombie (D:9)
  2 bullfrog skeletons
  3 hounds
  4 orc priests
  5 centaur skeletons
  4 jellies
  10 orc wizards
  4 iguanas
  7 worker ants
  A hound zombie (D:9)
  2 hound skeletons (D:10)
  4 gnolls
  15 adders
  A river rat (D:3)
  4 shadow imps
  3 oozes
  An adder zombie (D:5)
  A worm (D:2)
  A dart slug (D:1)
  4 leopard geckos
  66 orcs
  11 giant cockroaches
  9 hobgoblins
  6 jackals
  2 quokkas
  4 ball pythons (Sewer)
  14 bats
  16 frilled lizards
  13 goblins
  A jackal skeleton (D:4)
  22 kobolds
  3 leopard gecko skeletons
  7 rats
  A butterfly (Lair:5)
599 creatures vanquished.

Vanquished Creatures (collateral kills)
  9 hydras
  A dancing weapon (D:13)
  A death yak (Lair:5)
  Urug (D:13)
  A tengu warrior (D:13)
  A sun demon (Lair:6)
  Sonja (Lair:3)
  A wizard (D:14)
  An orc knight (Bailey)
  A black mamba (Lair:4)
  An orange demon (Lair:6)
  3 spiny frogs
  A rime drake (Lair:6)
  A komodo dragon (Lair:3)
  A tengu conjurer (D:13)
  A meliai (D:14)
  A polar bear (Lair:5)
  3 blink frogs (Lair:3)
  A hippogriff (Lair:3)
  3 yaks (Lair:5)
  A vampire mosquito (Swamp:1)
  A swamp worm (Swamp:1)
  2 nagas (Lair:4)
  2 water moccasins
  A hell hound (Lair:6)
  A porcupine (Lair:5)
  2 orc warriors (Bailey)
  A centaur (D:13)
  3 crocodiles
  A bullfrog (Lair:5)
  2 electric eels (Bailey)
  A howler monkey (D:12)
  A jelly (Lair:5)
  4 gnolls (Bailey)
  An ooze (Lair:5)
  6 orcs
  2 goblins (Bailey)
  3 hobgoblins (Bailey)
  A fungus (Lair:4)
70 creatures vanquished.

Vanquished Creatures (others)
  A spiny frog (Lair:2)
  A bullfrog (Lair:2)
  8 fungi
  3 plants
13 creatures vanquished.

Grand Total: 682 creatures vanquished

Notes
Turn   | Place    | Note
-------+----------+-------------------------------------------
     0 | D:1      | wojtek the Minotaur Fighter began the quest for the Orb.
     0 | D:1      | Reached XP level 1. HP: 19/19 MP: 0/0
    41 | D:1      | Reached XP level 2. HP: 24/26 MP: 1/1
   381 | D:1      | Reached XP level 3. HP: 31/31 MP: 2/2
   954 | D:2      | Found a shattered altar of Ashenzari.
   965 | D:2      | Reached skill level 5 in Axes
  1176 | D:2      | Reached XP level 4. HP: 39/39 MP: 3/3
  1499 | D:3      | Found an opulent altar of Gozag.
  1505 | D:3      | Found a faded altar of an unknown god.
  1580 | D:3      | Noticed Blork the orc
  1650 | D:3      | Found a glowing drain.
  1654 | Sewer    | Entered a sewer
  1754 | Sewer    | Reached skill level 1 in Dodging
  1754 | Sewer    | Reached XP level 5. HP: 42/46 MP: 4/4
  1885 | Sewer    | Reached skill level 4 in Fighting
  1885 | Sewer    | Reached XP level 6. HP: 40/52 MP: 5/5
  1955 | Sewer    | Got a bloodstained mace
  1958 | Sewer    | Identified the +7 mace "Ympesch" {flame, rN+} (You found it in a sewer)
  2573 | D:3      | Found a deep blue altar of Sif Muna.
  2748 | D:4      | Found a staircase to the Ecumenical Temple.
  2769 | Temple   | Entered the Ecumenical Temple
  2882 | Temple   | Became a worshipper of Makhleb the Destroyer
  3198 | D:4      | Reached skill level 5 in Armour
  3198 | D:4      | Reached XP level 7. HP: 54/60 MP: 6/6
  3333 | D:4      | Reached skill level 5 in Fighting
  3333 | D:4      | Reached skill level 5 in Shields
  3615 | D:4      | Found a glowing silver altar of Zin.
  3618 | D:4      | Found an ancient bone altar of Kikubaaqudgha.
  3760 | D:4      | Found an iron altar of Okawaru.
  3948 | D:5      | Entered Level 5 of the Dungeon
  4067 | D:5      | Reached * piety under Makhleb
  4069 | D:5      | Noticed Sigmund
  4087 | D:5      | Killed Sigmund
  4329 | D:5      | Reached XP level 8. HP: 67/70 MP: 7/7
  4356 | D:5      | Noticed Prince Ribbit
  4357 | D:5      | Reached skill level 6 in Fighting
  4378 | D:5      | Killed Prince Ribbit
  4483 | D:5      | Found a shimmering altar of Xom.
  4570 | D:5      | Noticed Edmund
  4600 | D:5      | Killed Edmund
  4600 | D:5      | Reached skill level 5 in Dodging
  4702 | D:5      | Reached ** piety under Makhleb
  4787 | D:6      | Found a blossoming altar of Fedhas.
  4809 | D:6      | Noticed Eustachio
  4837 | D:6      | Reached skill level 7 in Fighting
  4856 | D:6      | Killed Eustachio
  4941 | D:6      | Reached XP level 9. HP: 79/79 MP: 8/8
  5076 | D:6      | Noticed Menkaure
  5081 | D:6      | Killed Menkaure
  5260 | D:6      | Reached skill level 1 in Invocations
  5726 | D:7      | Reached skill level 8 in Fighting
  5947 | D:7      | Reached *** piety under Makhleb
  6426 | D:8      | Found a snail-covered altar of Cheibriados.
  6707 | D:8      | Noticed a two-headed ogre
  6730 | D:8      | Killed a two-headed ogre
  6730 | D:8      | Reached XP level 10. HP: 66/90 MP: 10/12
  6860 | D:8      | Noticed a two-headed ogre
  6870 | D:8      | Killed a two-headed ogre
  6870 | D:8      | Reached skill level 5 in Invocations
  6944 | D:8      | Noticed SockSock's ghost (novice TrBe)
  7894 | D:9      | Reached skill level 9 in Fighting
  7975 | D:9      | Found a staircase to the Lair.
  8072 | D:9      | Noticed a two-headed ogre
  8083 | D:9      | Killed a two-headed ogre
  8502 | D:10     | Entered Level 10 of the Dungeon
  8586 | D:10     | Reached XP level 11. HP: 95/97 MP: 15/15
  8670 | D:10     | Reached **** piety under Makhleb
  8972 | D:10     | Found a roughly hewn altar of Beogh.
  8972 | D:10     | Found a staircase to the Orcish Mines.
  9577 | D:10     | Noticed a two-headed ogre
  9585 | D:10     | Killed a two-headed ogre
  9585 | D:10     | Reached skill level 10 in Armour
  9770 | D:10     | Reached skill level 10 in Shields
  9780 | D:10     | Reached skill level 10 in Fighting
  9995 | Lair:1   | Entered Level 1 of the Lair of Beasts
 11071 | Lair:2   | Noticed an eight-headed hydra
 11637 | Lair:2   | Noticed Nergalle
 11682 | Lair:2   | Killed Nergalle
 11743 | Lair:2   | Killed a seven-headed hydra
 12241 | Lair:2   | Found a staircase to the Swamp.
 12856 | Lair:3   | Noticed Fannar
 12872 | Lair:3   | Killed Fannar
 12872 | Lair:3   | Reached XP level 12. HP: 95/108 MP: 17/17
 12977 | Lair:3   | Noticed Sonja
 12996 | Lair:3   | Killed Sonja
 14618 | Lair:4   | Reached skill level 11 in Fighting
 14882 | Lair:4   | Reached skill level 10 in Invocations
 14997 | Lair:4   | Noticed a six-headed hydra
 15009 | Lair:4   | Killed a six-headed hydra
 15177 | Lair:4   | Reached skill level 10 in Dodging
 15194 | Lair:4   | Found a staircase to the Snake Pit.
 15599 | D:8      | Killed SockSock's ghost
 15938 | D:3      | Killed Blork the orc
 16781 | Lair:5   | Noticed a seven-headed hydra
 16789 | Lair:5   | Killed a seven-headed hydra
 16846 | Lair:5   | Found a staircase to the Slime Pits.
 16863 | Lair:5   | Noticed a four-headed hydra
 16868 | Lair:5   | Killed a four-headed hydra
 17103 | Lair:5   | Reached XP level 13. HP: 116/116 MP: 20/20
 17423 | Lair:6   | Entered Level 6 of the Lair of Beasts
 17496 | Lair:6   | Found a labyrinth entrance.
 17523 | Lab      | Entered a labyrinth
 17850 | Lab      | Noticed a minotaur
 17857 | Lab      | Killed a minotaur
 17863 | Lab      | Got an ancient leather armour
 18691 | Lair:6   | Reached skill level 12 in Fighting
 18698 | Lair:6   | Found a burning altar of Makhleb.
 20928 | Lair:6   | Got a polished spear
 20997 | Lair:6   | Identified the +2 spear "Necum" {vamp, *Corrode MR++ Str+3 Dex-5} (You found it on level 6 of the Lair of Beasts)
 20998 | Lair:6   | Identified the +1 leather armour of the Griffon {rPois Int+10} (You found it in a labyrinth)
 21450 | Lair:6   | Found a gateway to Hell.
 21701 | D:11     | Reached XP level 14. HP: 127/127 MP: 22/22
 22198 | D:11     | Found the +3 sling "Punk" {acid, rCorr}
 23489 | D:13     | Noticed Urug
 23506 | D:13     | Killed Urug
 23525 | D:13     | Found a flagged portal.
 23584 | Bailey   | Entered a bailey
 23778 | Bailey   | Found an iron altar of Okawaru.
 24026 | Bailey   | Got a spiked cloak
 24517 | D:13     | Identified the cursed -2 cloak "Sufeob" {rF- rC+++ Str+4 Stlth-} (You found it in a bailey)
 24594 | D:13     | Reached skill level 10 in Axes
 24856 | D:13     | Noticed Maurice
 25373 | D:13     | Found a gate to the Vaults.
 25983 | D:14     | Paralysed by a wizard for 7 turns
 27211 | D:14     | Found Joqiob's Book Shoppe.
 27762 | D:13     | Killed Maurice
 27766 | D:13     | Found a gate to the Vaults.
 27771 | D:13     | Reached XP level 15. HP: 134/134 MP: 23/23
 28342 | D:15     | Entered Level 15 of the Dungeon
 28429 | D:15     | Noticed Roxanne
 28452 | D:15     | Killed Roxanne
 28452 | D:15     | Reached skill level 13 in Fighting
 28453 | D:15     | Identified Roxanne's Tome of the Stallion (You took it off Roxanne on level 15 of the Dungeon)
 28482 | D:15     | Noticed Josephine
 28487 | D:15     | Killed Josephine
 28638 | D:15     | Found a glowing golden altar of the Shining One.
 28658 | D:15     | Reached XP level 16. HP: 121/145 MP: 24/24
 28775 | D:15     | Reached skill level 14 in Fighting
 29033 | D:15     | Found Fehontay's Antique Armour Boutique.
 29399 | D:15     | Found a staircase to the Depths.
 29676 | Swamp:1  | Entered Level 1 of the Swamp
 29676 | Swamp:1  | Noticed Frances
 29687 | Swamp:1  | Killed Frances
 29711 | Swamp:1  | Reached skill level 15 in Fighting
 29795 | Swamp:1  | Noticed Nikola
 29804 | Swamp:1  | Killed from afar by Nikola

Skill      XL: |  1  2  3  4  5  6  7  8  9 10 11 12 13 14 15 16 |
---------------+-------------------------------------------------+-----
Axes           | 3 4 5 6 14 | 14.3
Dodging        | 1 2 4 5 7 8 9 10 11 | 11.4
Armour         | 4 5 6 7 8 9 10 11 12 | 12.7
Fighting       | 4 5 7 8 9 10 11 12 13 15 | 15.0
Shields        | 4 5 7 8 9 10 11 12 | 12.7
Invocations    | 4 6 9 10 12 | 12.4

Action                   |  1- 3 |  4- 6 |  7- 9 | 10-12 | 13-15 | 16-18 || total
-------------------------+-------+-------+-------+-------+-------+-------++-------
Melee: War axe           |    94 |    84 |       |       |       |       ||   178
       Headbutt          |     9 |    18 |    41 |   181 |   231 |    17 ||   497
       Mace              |       |    40 |   265 |   652 |   877 |       ||  1834
       Glaive            |       |       |       |     4 |       |       ||     4
       Broad axe         |       |       |       |       |    77 |    55 ||   132
Invok: Lesser Servant of |       |       |       |    11 |    53 |     3 ||    67
Evoke: Wand              |       |       |       |     8 |       |       ||     8
  Use: Scroll            |       |     2 |       |     1 |    33 |       ||    36
       Potion            |       |       |     1 |       |     2 |       ||     3
 Stab: Distracted        |       |       |       |     1 |     4 |     1 ||     6
  Eat: Chunk             |     1 |     3 |    12 |    23 |    28 |     3 ||    70
       Ration            |       |     1 |       |     3 |     3 |       ||     7
Armor: Scale mail        |    40 |    57 |       |       |       |       ||    97
       Plate armour      |       |    21 |   136 |   319 |   426 |    18 ||   920
       Fire dragon scale |       |       |       |       |       |     5 ||     5
Dodge: Dodged            |    41 |    45 |    56 |   254 |   380 |    38 ||   814
Block: Shield            |    46 |    75 |   141 |   400 |   676 |    45 ||  1383
